 Dungeon Crawl Stone Soup version 0.31-a0-631-g285b096 (webtiles) character file.

Game seed: 14303974983621366376

205 Nithhogg the Trooper (level 5, -4/47 HPs)
             Began as a Hill Orc Fighter on Aug 25, 2023.
             Slain by a gnoll bouda
             ... wielding a +0 whip
              (9 damage)
             ... on level 4 of the Dungeon.
             The game lasted 00:05:10 (2410 turns).

Nithhogg the Trooper (Hill Orc Fighter)             Turns: 2410, Time: 00:05:11

Health: -4/47      AC:  8    Str: 21    XL:     5   Next: 83%
Magic:  7/7        EV:  9    Int:  8    God:
Gold:   243        SH:  0    Dex: 16    Spells: 4/4 levels left

rFire   . . .        a - +1 war axe
rCold   . . .        (no shield)
rNeg    . . .        b - +1 scale mail
rPois   .            (no helmet)
rElec   .            (no cloak)
rCorr   .            (no gloves)
SInv    .            (no boots)
Will    .....        g - amulet of regeneration Stlth
                     e - +6 ring of dexterity
HPRegen 1.07/turn    (no ring)
MPRegen 0.10/turn

%: no passive effects
@: mighty, weakened
A: no striking features
a: no special abilities


You were on level 4 of the Dungeon.
You visited 1 branch of the dungeon, and saw 4 of its levels.

You collected 243 gold pieces.

Inventory:

Hand Weapons
 a - a +1 war axe (weapon)
 p - a +2 dagger of venom
Armour
 b - a +1 scale mail (worn)
 c - a +0 buckler
 o - a +0 kite shield of positive energy
Jewellery
 e - a +6 ring of dexterity (left hand)
 g - an amulet of regeneration (around neck)
Scrolls
 i - a scroll of fear
 l - a scroll of identify
 m - a scroll of immolation
 n - a scroll of blinking
 s - 2 scrolls of fog
 t - a scroll of amnesia
 v - a scroll of poison {unknown}
Potions
 f - 2 potions of enlightenment {unknown}
 h - 3 potions of mutation {unknown}
 j - 2 potions of brilliance
 k - 2 potions of heal wounds {unknown}
 r - 2 potions of lignification {unknown}
 u - 2 potions of curing {unknown}
 w - a potion of haste {unknown}


   Skills:
 + Level 4.8 Fighting
 + Level 4.4 Axes
 + Level 4.5 Armour
 - Level 3.2 Shields
 + Level 3.3 Invocations


You had 4 spell levels left.
You didn't know any spells.
Your spell library contained the following spells:

 Spells                   Type           Power      Damage    Failure   Level
 Summon Forest            Summ/Tloc      0%         N/A       100%        5
 Summon Mana Viper        Hex/Summ       0%         N/A       100%        5
 Summon Cactus Giant      Summ           0%         N/A       100%        6


Dungeon Overview and Level Annotations

Branches:
Dungeon (4/15)
 Temple: D:4-7

Altars:
Dithmenos

Shops:
D:2 (


Message History

The gnoll hits you from afar with a +0 halberd.
The gnoll completely misses you.
The gnoll bouda calls upon its god to heal the gnoll.
The gnoll is healed somewhat.
The gnoll hits you from afar with a +0 spear.
The gnoll barely misses you. The gnoll hits you with a +0 whip.
The gnoll bouda barks out a call to the hunt!
The gnolls pick up the pace!
You barely miss the gnoll.
The gnoll is moderately wounded.
The gnoll barely misses you.
The gnoll hits you from afar with a +0 halberd!
The gnoll hits you with a +0 whip.
The gnoll hits you from afar with a +0 spear.
You are too injured to fight recklessly!
You are too injured to fight recklessly!
You are too injured to fight recklessly!
You are too injured to fight recklessly!
You are too injured to fight recklessly!
You are too injured to fight recklessly!
You are too injured to fight recklessly!
You are too injured to fight recklessly!
You are too injured to fight recklessly!
You are too injured to fight recklessly!
You are too injured to fight recklessly!
You feel very mighty all of a sudden.
The gnoll hits you from afar with a +0 halberd!
* * * LOW HITPOINT WARNING * * *
The gnoll closely misses you.
The gnoll hits you from afar with a +0 spear.
* * * LOW HITPOINT WARNING * * *
You closely miss the gnoll.
The gnoll is moderately wounded.
You slash the gnoll bouda!
The gnoll hits you from afar with a +0 halberd.
* * * LOW HITPOINT WARNING * * *
The gnoll hits you with a +0 whip.
* * * LOW HITPOINT WARNING * * *
The gnoll bouda hits you with a +0 whip!
You die...

##......#....##
.......####...##
........# ##...##
........# ##...##
....###..# ##...#
.....# #..# #...##
....## #...##....##
.....# #.........###
###...#
#>....)@g...# ##...#
##.....g.......
#............gg.....
#..................
................
.....####.......
....# #...... ...
......


You could see a gnoll bouda and 3 gnolls.

Vanquished Creatures
  A hound (D:4)
  4 adders
  5 gnolls
  A worm (D:3)
  A dart slug (D:4)
  5 orcs
  7 endoplasms
  4 giant cockroaches (D:1)
  8 goblins
  9 hobgoblins
  4 jackals (D:3)
  4 quokkas
  8 ball pythons
  5 bats
  3 frilled lizards
  5 kobolds
  7 rats
81 creatures vanquished.

Notes
Turn   | Place    | Note
-------+----------+-------------------------------------------
     0 | D:1      | Nithhogg the Hill Orc Fighter began the quest for the Orb.
     0 | D:1      | Reached XP level 1. HP: 19/19 MP: 1/1
   138 | D:1      | Reached skill level 1 in Invocations
   138 | D:1      | Reached XP level 2. HP: 27/27 MP: 2/2
   320 | D:1      | Reached XP level 3. HP: 33/33 MP: 4/4
  1134 | D:2      | Found Maqaic's Antique Weapon Boutique.
  1223 | D:3      | Found a shadowy altar of Dithmenos.
  1286 | D:3      | Reached XP level 4. HP: 40/40 MP: 5/5
  1638 | D:3      | Reached XP level 5. HP: 47/47 MP: 7/7
  2410 | D:4      | Slain by a gnoll bouda

Illustrated notes

Levels and vault maps discovered:
D:1:      dpeg_arrival_fog, layout_basic, moated_statue, minmay_pentomino_w4
D:2:      layout_basic, serial_shops, shop, amcnicky_mini_pool_small
D:3:      minmay_razor_zed, layout_basic, mainiacjoe_overflow_small_starburst,
          kennysheep_generic_room_3
D:4:      layout_layer_cave, kennysheep_generic_room_11

Skill      XL: |  1  2  3  4  5 |
---------------+----------------+-----
Axes           | 3 4 |  4.4
Invocations    | 1 2 3 |  3.3
Fighting       | 4 |  4.8
Armour         | 4 |  4.5
Shields        | |  3.2

Action                     |  1- 3 |  4- 6 || total
---------------------------+-------+-------++-------
  Melee: War axe           |   117 |   107 ||   224
         Punch             |     1 |       ||     1
    Use: Scroll            |     3 |     5 ||     8
         Potion            |       |     1 ||     1
 Armour: Scale mail        |    70 |    79 ||   149
  Dodge: Dodged            |    62 |    98 ||   160

Table legend: (Time is in decaauts)
 A = Elapsed time spent in this place.
 B = Non-inter-level travel time spent in this place.
 C = Inter-level travel time spent in this place.
 D = Time resting spent in this place.
 E = Time spent auto-exploring this place.
 F = Levels seen in this place.
 G = Mean time per level.
                   A        B        C        D        E       F      G
               +--------+--------+--------+--------+--------+-----+--------+
         Total |   2483 |   2407 |     76 |    121 |   1686 |   4 |  620.8 |
       Dungeon |   2483 |   2407 |     76 |    121 |   1686 |   4 |  620.8 |
               +--------+--------+--------+--------+--------+-----+--------+

Top non-repeatable levels by time:
     D:3: 956 daAuts
     D:1: 671 daAuts
     D:2: 584 daAuts
     D:4: 271 daAuts
